 Dungeon Crawl Stone Soup version 0.26-a0-259-g1effd001a9 (webtiles) character file.

Game seed: 11429609624608619118

134 vurker the Skirmisher (level 4, -1/33 HPs)
             Began as a Demonspawn Brigand on July 17, 2020.
             Was a Follower of Hepliaklqana.
             Slain by Grinder (3 damage)
             ... while paralysed by Grinder
             ... on level 3 of the Dungeon.
             The game lasted 00:02:45 (2428 turns).

vurker the Skirmisher (Demonspawn Brigand)          Turns: 2428, Time: 00:02:46

Health: -1/33      AC:  7    Str: 13    XL:     4   Next: 95%
Magic:  5/5        EV:  2    Int: 12    God:    Hepliaklqana [*.....]
Gold:   116        SH:  0    Dex: 14    Spells: 3/3 levels left

rFire    . . .     SeeInvis .   q - +1 spear (venom)
rCold    . . .     Faith    .   (no shield)
rNeg     . . .     Spirit   .   b - +0 robe
rPois    .         Reflect  .   (no helmet)
rElec    .         Harm     .   c - +0 cloak
rCorr    .                      m - +0 pair of gloves
MR       .....                  (no boots)
Stlth    ++........             (no amulet)
HPRegen  0.11/turn              (no ring)
MPRegen  0.09/turn              (no ring)

@: paralysed
A: reduced essence, molten scales 2, powered by death 1
a: Recall Ancestor, Ancestor Identity, Renounce Religion


You were on level 3 of the Dungeon.
You worshipped Hepliaklqana.
Hepliaklqana was aware of your devotion.
You were not hungry.

You visited 1 branch of the dungeon, and saw 3 of its levels.

You collected 116 gold pieces.

Inventory:

Hand Weapons
 a - a +2 dagger
 q - a +1 spear of venom (weapon)
   (You took it off a hobgoblin on level 2 of the Dungeon)
Missiles
 d - 23 poisoned darts (quivered)
 f - 2 curare-tipped darts
Armour
 b - a +0 robe (worn)
 c - a +0 cloak (worn)
 m - a +0 pair of gloves (worn)
   (You found it on level 1 of the Dungeon)
 r - a +0 helmet
   (You took it off Robin on level 2 of the Dungeon)
Jewellery
 i - an uncursed ring of wizardry {unknown}
   (You found it on level 1 of the Dungeon)
Scrolls
 g - 2 scrolls of teleportation {unknown}
 h - a scroll of amnesia {unknown}
 j - a scroll of enchant armour {unknown}
 n - a scroll of remove curse {unknown}
 p - a scroll of identify {unknown}
Potions
 k - 2 potions of mutation {unknown}
 l - a potion of lignification {unknown}
 o - a potion of curing {unknown}
 s - a potion of heal wounds {unknown}
Comestibles
 e - 16 rations


   Skills:
 + Level 3.7 Fighting
 - Level 1.7 Short Blades
 + Level 3.3 Throwing
 - Level 0.8 Dodging
 - Level 3.6 Stealth
 + Level 1.9 Invocations


You had 3 spell levels left.
You didn't know any spells.
Your spell library was empty.

Dungeon Overview and Level Annotations

Branches:
Dungeon (3/15)

Altars:
Hepliaklqana
Xom

Annotations:
D:3 Grinder


Innate Abilities, Weirdness & Mutations

You are mostly covered in molten scales. (AC +3)
You regenerate a little health from kills.
Your life essence is reduced to manifest your ancestor. (-10% HP)


Message History

No target in view!
No target in view!
No target in view!
No target in view!
No target in view!
No target in view!
No target in view!
No target in view!
No target in view!
No target in view!
No target in view!
No target in view!
Grinder comes into view.
A worm comes into view.
Grinder shouts!
Attack whom?
Aim: a worm You reach to attack!
You hit the worm.
Grinder blinks!
You hit the worm.
The worm is poisoned.
Grinder closely misses Mira.
The worm closely misses you.
Grinder says, "Wait up."
Grinder closely misses Mira.
You hit the worm.
The worm looks as sick as possible!
Grinder hits Mira.
The worm bites you!
You hit the worm but do no damage.
The worm looks as sick as possible!
Grinder hits Mira!
Mira is destroyed!
You hit the worm but do no damage.
The worm looks as sick as possible!
You kill the worm!
A giant cockroach comes into view.
Grinder blinks!
You barely miss Grinder. Grinder hits you but does no damage.
You closely miss Grinder. Grinder hits you.
You writhe in agony.
You barely miss Grinder. Grinder gestures at you.
You resist with significant effort.
You hit Grinder.
Grinder is poisoned.
Grinder gestures at you.
You suddenly lose the ability to move!
Grinder hits you!
* * * LOW HITPOINT WARNING * * *
You writhe in agony.
* * * LOW HITPOINT WARNING * * *
Grinder hits you.
* * * LOW HITPOINT WARNING * * *
You writhe in agony.
* * * LOW HITPOINT WARNING * * *
The giant cockroach completely misses you.
Grinder hits you.
You die...

### #.. #.#
#.# #.#
##5#######.
#..@s......
#
#$.#######.
#. #..#
####.###..#
#.........#
..^.......#
.......<###
>......†#
#........


You could see Grinder (very poisoned) and a giant cockroach.

Vanquished Creatures
  4 adders
  3 worms
  A dart slug (D:1)
  9 bats
  2 giant cockroaches
  18 goblins
  9 hobgoblins
  7 kobolds
  4 frilled lizards
  9 rats
66 creatures vanquished.

Vanquished Creatures (collateral kills)
  Robin (D:2)
  A worm (D:2)
  2 goblins (D:2)
4 creatures vanquished.

Vanquished Creatures (others)
  2 ancestors
2 creatures vanquished.

Grand Total: 72 creatures vanquished

Notes
Turn   | Place    | Note
-------+----------+-------------------------------------------
     0 | D:1      | vurker the Demonspawn Brigand began the quest for the Orb.
     0 | D:1      | Reached XP level 1. HP: 16/16 MP: 1/1
   254 | D:1      | Gained mutation: You regenerate a little health from kills.
                  | [demonic ancestry]
   254 | D:1      | Reached XP level 2. HP: 23/23 MP: 2/2
   856 | D:2      | Gained mutation: You are partially covered in molten
                  | scales. (AC +2) [demonic ancestry]
   856 | D:2      | Reached XP level 3. HP: 28/28 MP: 3/3
  1101 | D:2      | Found a shimmering altar of Xom.
  1103 | D:2      | Found a faded altar of an unknown god.
  1116 | D:2      | Became a worshipper of Hepliaklqana the Forgotten
  1116 | D:2      | Reached * piety under Hepliaklqana
  1381 | D:2      | Gained mutation: You are mostly covered in molten scales.
                  | (AC +3) [demonic ancestry]
  1381 | D:2      | Reached XP level 4. HP: 31/31 MP: 4/4
  2086 | D:2      | Reached skill level 1 in Invocations
  2088 | D:2      | Noticed Robin
  2094 | D:2      | Killed Robin
  2414 | D:3      | Noticed Grinder
  2425 | D:3      | Paralysed by Grinder for 6 turns
  2428 | D:3      | Slain by Grinder

Illustrated notes

Levels and vault maps discovered:
D:1:      nicolae_arrival_memento_mori, layout_loops_ring
D:2:      layout_loops_corners, overflow_temple_1_default,
          chequers_ecumenical_altar_simple, st_stairs_4, uniq_robin
D:3:      layout_loops_ring, chequers_temple_overflow_statue_of_worship,
          uniq_grinder

Skill      XL: |  1  2  3  4 |
---------------+-------------+-----
Throwing       | 2 3 |  3.3
Fighting       | 3 |  3.7
Invocations    | 1 |  1.9
Short Blades   | |  1.7
Dodging        | |  0.8
Stealth        | |  3.6

Action                   |  1- 3 |  4- 6 || total
-------------------------+-------+-------++-------
Melee: Dagger            |   116 |     8 ||   124
       Spear             |       |    76 ||    76
 Stab: Sleeping          |    11 |     1 ||    12
       Distracted        |       |     1 ||     1
  Eat: Ration            |     1 |     1 ||     2
Armor: Robe              |    31 |    14 ||    45
Dodge: Dodged            |    57 |    36 ||    93

Table legend:
 A = Non-vault XP
 B = Vault XP
 C = Vault XP percentage of total XP
 D = Non-vault monster count
 E = Vault monster count
 F = Vault count percentage of total count
                 A         B        C        D         E       F
            +---------+---------+-------+---------+---------+-------
      Total |     149 |      43 |  22.4 |      55 |      15 |  21.4
            +---------+---------+-------+---------+---------+-------
        D:1 |      38 |       0 |   0.0 |      23 |       0 |   0.0
        D:2 |      89 |      43 |  32.6 |      28 |      15 |  34.9
        D:3 |      22 |       0 |   0.0 |       4 |       0 |   0.0
            +---------+---------+-------+---------+---------+-------
